 Dungeon Crawl Stone Soup version 0.23.0 (webtiles) character file.

Game seed: 17977983837203140083

4454 FreshCat the Covert (level 10, -1/44 HPs)
             Began as a Spriggan Enchanter on Feb 10, 2019.
             Was a Follower of Ashenzari.
             Slain by a death yak (26 damage)
             ... on level 9 of the Dungeon on Feb 13, 2019.
             The game lasted 01:19:13 (10328 turns).

FreshCat the Covert (Spriggan Enchanter)           Turns: 10328, Time: 01:19:13

Health: -1/44      AC:  5    Str:  7    XL:     10   Next: 15%
Magic:  24/24      EV: 23    Int: 17    God:    Ashenzari [*.....]
Gold:   451        SH:  0    Dex: 17    Spells: 16/28 levels left

rFire    . . .     SeeInvis +   f - +4 dagger (protect) (curse)
rCold    . . .     Gourm    .   (shield restricted)
rNeg     . . .     Faith    .   x - +1 troll leather armour (curse)
rPois    +         Spirit   .   (helmet restricted)
rElec    .         Reflect  .   (no cloak)
rCorr    .         Harm     .   (gloves unavailable)
MR       +....                  (boots unavailable)
Stlth    +++++.....             (no amulet)
HPRegen  0.54/turn              p - ring of poison resistance (curse)
MPRegen  0.19/turn              n - +3 ring of evasion

@: very quick
A: very small, unfitting armour, see invisible, herbivore, speed 3, slow
metabolism 2
a: Curse Item, Scrying, Renounce Religion


You were on level 9 of the Dungeon.
You worshipped Ashenzari.
Ashenzari was aware of your devotion.
You were not hungry.

You visited 2 branches of the dungeon, and saw 10 of its levels.
You also visited: Bailey.

You collected 619 gold pieces.
You spent 168 gold pieces at shops.

Inventory:

Hand Weapons
 f - a cursed +4 dagger of protection (weapon)
Missiles
 j - 141 stones (quivered)
 z - 8 tomahawks
Armour
 e - a +0 robe of cold resistance
 x - a cursed +1 troll leather armour (worn)
Jewellery
 n - a +3 ring of evasion (right hand)
 p - a cursed ring of poison resistance (left hand)
 v - the ring "Satac" {Str+4 Int-5 Dex+4 SInv}
   (You found it on level 5 of the Dungeon)

   [ring of see invisible]

   It affects your strength (+4).
   It affects your intelligence (-5).
   It affects your dexterity (+4).
   It lets you see invisible.
Wands
 a - a wand of polymorph (1)
 c - a wand of flame (3)
 k - a wand of digging (3)
 y - a wand of paralysis (14)
Scrolls
 b - a scroll of blinking
 g - a scroll of fear
 i - 7 scrolls of remove curse
 m - a scroll of teleportation
 w - a scroll of enchant armour
 A - a scroll of torment {unknown}
Potions
 h - 4 potions of curing
 l - 2 potions of berserk rage
 o - 4 potions of agility
 q - a potion of might
 r - a potion of flight {unknown}
 s - a potion of haste
 t - 2 potions of brilliance
 u - a potion of mutation {unknown}
Comestibles
 d - 14 rations


   Skills:
 + Level 0.5 Fighting
 * Level 4.7 Short Blades
 - Level 0.2 Armour
 + Level 6.3 Dodging
 + Level 11.7 Stealth
 + Level 9.6 Spellcasting
 + Level 9.4 Hexes
 + Level 3.4 Ice Magic


You had 16 spell levels left.
You knew the following spells:

 Your Spells              Type           Power        Failure   Level  Hunger
a - Corona                Hex            #####..      1%          1    None
b - Ensorcelled Hibernat  Hex/Ice        ####..       1%          2    None
c - Tukima's Dance        Hex            #####...     1%          3    None
d - Confuse               Hex            #####...     1%          3    None
e - Dazzling Spray        Conj/Hex       ###...       5%          3    None

Your spell library contained the following spells:

 Spells                   Type           Power        Failure   Level  Hunger


Dungeon Overview and Level Annotations

Branches:
Dungeon (9/15)             Temple (1/1) D:6            Lair (0/6) D:9
    Orc: D:9-12

Altars:
Ashenzari
Cheibriados
Dithmenos
Elyvilon
Fedhas
Gozag
Hepliaklqana
Kikubaaqudgha
Makhleb
Nemelex Xobeh
Okawaru
Qazlal
Ru
Sif Muna
Trog
Uskayaw
Vehumet
Wu Jian
Xom
Zin
The Shining One

Shops:
D:4 }

Annotations:
D:1 exclusion: downstairs
D:3 exclusion: downstairs


Innate Abilities, Weirdness & Mutations

You are very small and have problems with some larger weapons.
You are too small for most types of armour.
You have supernaturally acute eyesight. (SInv)
You are a herbivore.
You cover ground extremely quickly.
You need to consume almost no food.


Message History

You climb upwards.
There is a stone staircase leading down here.
Casting: Ensorcelled Hibernation (safe; 1% risk of failure)
Confirm with . or Enter, or press ? or * to list all spells.
Aiming: Ensorcelled Hibernation (safe; 1% risk of failure)
Press: ? - help, Shift-Dir - straight line, f - quokka
Aim: a quokka (chance to defeat MR: 75%)
The quokka looks drowsy...
The helpless quokka fails to defend itself.
You spit the quokka like a pig!!!!
Your weapon exudes an aura of protection.
You kill the quokka!
You start resting.
Magic restored.
You climb downwards.
The death yak completely misses you. The death yak gores you!!
There is a stone staircase leading up, spattered with blood here.
The death yak gores you!!
Ouch! That really hurt!
You die...

#......#..#
.........## . .
.........#. ..
#...#%....
...##.......#
z..........#
......Y....#
.....rY@Y..#
......r#..#.....
..........# ...
..........# .
......#...#
.#..>.....#
..#........
.......r...
...........


You could see 3 death yaks, 2 porcupines and a wight.

Vanquished Creatures
  Pikel (D:4)
  An ugly thing (D:6)
  A troll (D:6)
  A spriggan (D:7)
  A dancing weapon (D:7)
  3 orc warriors
  3 slaves
  2 ice beasts
  2 phantoms
  2 ogres
  3 bullfrogs
  2 scorpions
  6 howler monkeys
  A bullfrog zombie (D:6)
  4 crimson imps
  A hound (D:5)
  An orc priest (D:6)
  3 bullfrog skeletons
  2 iguanas
  6 orc wizards
  7 worker ants
  A hell rat (D:9)
  A howler monkey zombie (D:5)
  A gnoll (D:5)
  20 adders
  A howler monkey skeleton (D:4)
  3 shadow imps
  An ooze (D:1)
  2 adder zombies
  3 worms
  5 dart slugs
  5 leopard geckos
  16 orcs
  10 bats
  4 giant cockroaches
  13 goblins
  8 hobgoblins
  6 jackals
  6 quokkas
  6 ball pythons
  2 frilled lizards (D:1)
  9 kobolds
  A leopard gecko skeleton (D:6)
  A quokka skeleton (D:5)
  4 rats
182 creatures vanquished.

Vanquished Creatures (collateral kills)
  Erica (D:8)
  An orc knight (Bailey)
  Eustachio (D:3)
  An orc warrior (Bailey)
  A crimson imp (D:5)
  An orc wizard (D:8)
  15 orcs
21 creatures vanquished.

Vanquished Creatures (others)
  3 dancing weapons (Bailey)
  An orc wizard (D:8)
  A howler monkey skeleton (D:4)
  2 jackals (D:4)
7 creatures vanquished.

Grand Total: 210 creatures vanquished

Notes
Turn   | Place    | Note
-------+----------+-------------------------------------------
     0 | D:1      | FreshCat the Spriggan Enchanter began the quest for the
                  | Orb.
     0 | D:1      | Reached XP level 1. HP: 9/9 MP: 5/5
   273 | D:1      | Reached XP level 2. HP: 13/13 MP: 6/6
   278 | D:1      | Learned a level 2 spell: Ensorcelled Hibernation
   414 | D:1      | You fall through a shaft!
   425 | D:2      | Noticed an ogre
   467 | D:1      | Reached skill level 5 in Stealth
   469 | D:1      | Reached XP level 3. HP: 15/16 MP: 0/8
   903 | D:1      | Learned a level 3 spell: Tukima's Dance
  1822 | D:2      | Found a bloodstained altar of Trog.
  1932 | D:3      | Reached XP level 4. HP: 15/21 MP: 1/10
  2145 | D:2      | Reached skill level 1 in Ice Magic
  2251 | D:2      | Killed an ogre
  2251 | D:2      | Reached skill level 6 in Stealth
  2251 | D:2      | Reached XP level 5. HP: 24/24 MP: 7/11
  2296 | D:2      | Learned a level 3 spell: Confuse
  2300 | D:2      | Learned a level 3 spell: Dazzling Spray
  2969 | D:3      | Found a hazy altar of Hepliaklqana.
  3011 | D:3      | Found a snail-covered altar of Cheibriados.
  3205 | D:4      | Noticed Eustachio
  3205 | D:4      | Noticed a slave
  3205 | D:4      | Noticed a slave
  3205 | D:4      | Noticed a slave
  3205 | D:4      | Noticed a slave
  3207 | D:4      | Killed a slave
  3207 | D:4      | Noticed Pikel
  3217 | D:3      | Killed a slave
  3586 | D:3      | Reached XP level 6. HP: 28/28 MP: 8/13
  3646 | D:3      | Reached skill level 5 in Hexes
  3920 | D:3      | Killed Eustachio
  4316 | D:4      | Killed a slave
  4325 | D:4      | Killed Pikel
  4325 | D:4      | Reached skill level 7 in Stealth
  4325 | D:4      | Reached XP level 7. HP: 23/32 MP: 5/17
  4676 | D:5      | Entered Level 5 of the Dungeon
  4694 | D:4      | Found Monunu's Gadget Shoppe.
  4702 | D:4      | Bought a wand of digging (3) for 168 gold pieces
  4922 | D:4      | Reached skill level 8 in Stealth
  5223 | D:5      | Reached XP level 8. HP: 36/36 MP: 11/18
  5975 | D:5      | Reached skill level 5 in Dodging
  5989 | D:5      | Reached skill level 9 in Stealth
  6086 | D:5      | Found a sacrificial altar of Ru.
  6367 | D:5      | Found an ornate altar of the Wu Jian Council.
  6386 | D:5      | Got a slimy tin ring
  6958 | D:6      | Found a radiant altar of Vehumet.
  6962 | D:6      | Found a glowing golden altar of the Shining One.
  6985 | D:7      | Found an iron altar of Okawaru.
  6999 | D:6      | Identified the ring "Satac" {Str+4 Int-5 Dex+4 SInv} (You
                  | found it on level 5 of the Dungeon)
  7134 | D:7      | Reached skill level 10 in Stealth
  7380 | D:6      | Reached XP level 9. HP: 39/39 MP: 12/21
  7450 | D:6      | Noticed a green ugly thing
  7502 | D:6      | Killed a green ugly thing
  7753 | D:6      | Noticed a troll
  7960 | D:6      | Killed a troll
  8073 | D:6      | Found a staircase to the Ecumenical Temple.
  8081 | Temple   | Entered the Ecumenical Temple
  8118 | Temple   | Became a worshipper of Ashenzari the Shackled
  8494 | D:7      | Found an opulent altar of Gozag.
  8651 | D:7      | Reached skill level 11 in Stealth
  8774 | D:7      | Found a sparkling altar of Nemelex Xobeh.
  8969 | D:8      | Found a flagged portal.
  9000 | Bailey   | Entered a bailey
  9203 | Bailey   | Reached * piety under Ashenzari
  9348 | Bailey   | Noticed an orc knight
  9658 | Bailey   | Killed an orc knight
  9658 | Bailey   | Reached XP level 10. HP: 31/44 MP: 10/24
 10009 | D:8      | Noticed Erica
 10053 | D:8      | Killed Erica
 10299 | D:9      | Found a staircase to the Lair.
 10299 | D:9      | Noticed a death yak
 10299 | D:9      | Noticed a death yak
 10300 | D:9      | Noticed a death yak
 10328 | D:9      | Slain by a death yak

Skill      XL: |  1  2  3  4  5  6  7  8  9 |
---------------+----------------------------+-----
Hexes          | 4 6 7 9 |  9.4
Stealth        | 5 6 7 8 10 11 | 11.7
Spellcasting   | 3 4 6 7 9 |  9.6
Ice Magic      | 1 2 3 |  3.4
Short Blades   | 2 3 4 |  4.7
Dodging        | 4 5 6 |  6.3
Fighting       | |  0.5
Armour         | |  0.2

Action                   |  1- 3 |  4- 6 |  7- 9 | 10-12 || total
-------------------------+-------+-------+-------+-------++-------
Melee: Dagger            |   163 |   163 |   252 |    27 ||   605
 Cast: Corona            |    20 |     6 |     6 |     3 ||    35
       Ensorcelled Hiber |    25 |    38 |    93 |    11 ||   167
       Tukima's Dance    |     2 |     5 |    33 |     5 ||    45
       Confuse           |       |    13 |    36 |       ||    49
       Dazzling Spray    |       |       |     4 |       ||     4
Invok: Curse Item        |       |       |     3 |       ||     3
  Use: Scroll            |     3 |     9 |    13 |     1 ||    26
       Potion            |       |       |     2 |       ||     2
 Stab: Sleeping          |    19 |    27 |    66 |     8 ||   120
       Confused          |       |     5 |    16 |       ||    21
       Invisible         |       |       |     2 |       ||     2
       Distracted        |       |       |     3 |       ||     3
  Eat: Ration            |       |     3 |     4 |       ||     7
Armor: Robe              |    25 |    29 |    20 |       ||    74
       Troll leather arm |       |       |     4 |     5 ||     9
Dodge: Dodged            |   167 |   128 |   226 |    26 ||   547
